 Dungeon Crawl Stone Soup version 0.24.0-1-gfbc8707 (webtiles) character file.

Game seed: 13717330028204067489, levelgen mode: deterministic

104 bonscott the Grasshopper (level 4, -4/38 HPs)
             Began as a Gnoll Warper on Nov 10, 2019.
             Killed from afar by Ijyb (20 damage)
             ... with an iceblast
             ... on level 3 of the Dungeon.
             The game lasted 00:05:49 (1784 turns).

bonscott the Grasshopper (Gnoll Warper)             Turns: 1784, Time: 00:05:50

Health: -4/38      AC:  3    Str: 15    XL:     4   Next: 80%
Magic:  11/11      EV: 14    Int: 15    God:
Gold:   86         SH:  0    Dex: 14    Spells: 9/13 levels left

rFire    . . .     SeeInvis .   a - +0 falchion
rCold    . . .     Gourm    .   (no shield)
rNeg     . . .     Faith    .   b - +0 leather armour
rPois    .         Spirit   .   (no helmet)
rElec    .         Reflect  .   (no cloak)
rCorr    .         Harm     .   (no gloves)
MR       .....                  (no boots)
Stlth    ++........             (no amulet)
HPRegen  0.12/turn              (no ring)
MPRegen  0.12/turn              (no ring)

@: no status effects
A: distributed training, fangs 1, strong nose
a: no special abilities


You were on level 3 of the Dungeon.
You were not hungry.

You visited 1 branch of the dungeon, and saw 3 of its levels.

You collected 86 gold pieces.

Inventory:

Hand Weapons
 a - a +0 falchion (weapon)
 i - a cursed -1 short sword
 t - a +0 short sword
Missiles
 e - 4 boomerangs of dispersal
 l - 12 arrows
 u - 37 stones (quivered)
Armour
 b - a +0 leather armour (worn)
Jewellery
 h - an uncursed ring of magical power {unknown}
 n - a cursed ring of teleportation {unknown}
 r - an uncursed ring of protection from fire {unknown}
Scrolls
 c - a scroll of amnesia
 d - a scroll of blinking
 g - 3 scrolls of teleportation
 j - 2 scrolls of identify
 o - a scroll of immolation {unknown}
 p - a scroll of fear {unknown}
 q - a scroll of remove curse {unknown}
Potions
 k - a potion of mutation
 m - a potion of heal wounds
 s - a potion of berserk rage {unknown}
 v - 2 potions of curing
Comestibles
 f - 6 rations
 w - 3 chunks of flesh


   Skills:
 + Level 4.7 Fighting
 + Level 1.2 Short Blades
 + Level 4.7 Long Blades
 + Level 1.2 Axes
 + Level 1.2 Maces & Flails
 + Level 1.2 Polearms
 + Level 1.2 Staves
 + Level 1.2 Slings
 + Level 1.2 Bows
 + Level 1.2 Crossbows
 + Level 2.8 Throwing
 + Level 2.8 Armour
 + Level 4.7 Dodging
 + Level 1.2 Stealth
 + Level 1.2 Shields
 + Level 1.2 Unarmed Combat
 + Level 5.1 Spellcasting
 + Level 1.0 Conjurations
 + Level 1.0 Hexes
 + Level 1.0 Charms
 + Level 1.0 Summonings
 + Level 1.0 Necromancy
 + Level 5.5 Translocations
 + Level 1.0 Transmutations
 + Level 1.0 Fire Magic
 + Level 1.0 Ice Magic
 + Level 1.0 Air Magic
 + Level 1.0 Earth Magic
 + Level 1.0 Poison Magic
 + Level 1.3 Invocations
 + Level 1.2 Evocations


You had 9 spell levels left.
You knew the following spells:

 Your Spells              Type           Power        Failure   Level  Hunger
b - Blink                 Tloc           N/A          3%          2    ##.....
G - Shroud of Golubria    Chrm/Tloc      ##....       8%          2    ##.....

Your spell library contained the following spells:

 Spells                   Type           Power        Failure   Level  Hunger
 Gell's Gravitas          Tloc           ###.......   6%          3    ###....
 Lesser Beckoning         Tloc           ###.......   6%          3    ###....
 Teleport Other           Tloc           ###.....     6%          3    ###....
 Passage of Golubria      Tloc           N/A          21%         4    ####...


Dungeon Overview and Level Annotations

Branches:
Dungeon (3/15)

Altars:
Elyvilon

Annotations:
D:3 3 runed translucent doors, Ijyb; Minkie's ghost, amateur MiFi


Innate Abilities, Weirdness & Mutations

Your experience applies equally to all skills.
You have very sharp teeth.
Your uncanny sense of smell can sniff out nearby items.


Message History

You throw a stone. The stone barely misses Ijyb.
Throwing (i - inventory. (/) - cycle)
u - 38 stones (quivered)
Press: ? - help, Shift-Dir - straight line, f/p - Ijyb
Aim: Ijyb, wielding a +0 club, wearing a +0 scale mail and carrying a wand of iceblast (9)
You throw a stone. The stone hits Ijyb.
Ijyb is lightly wounded.
Ijyb zaps a wand.
The mass of ice explodes!
The iceblast engulfs you!
Items here: )) †† a cursed +0 mace; a +0 dagger; an orc corpse x2
Items here: )) ÷÷ a +0 falchion; a +0 club; an orc skeleton x2
The kobold shouts!
You hear a shout!
Minkie's ghost turns its malevolent gaze towards you.
You hear a shout!
Ijyb screams, "Me kill you!"
Ijyb zaps a wand.
The mass of ice explodes!
The iceblast engulfs you!
You hear a shout! x2; You hear an angry hiss.
You hear a shout!
Ijyb zaps a wand.
The mass of ice explodes!
The iceblast engulfs you!!
Ouch! That really hurt!
You die...

##. .. ..#..# #. ... .#..#..#
##. #.... .......## #8.
#.##.####..[.... ##.
.#.......... ..<# ... ##..
...........###..# ####...# #...
.............#..###......#8....
.............#@.........##.....
####
#..............#....##.....#
.... #.....g....##......#
.....#
...###..........##.....)# ...8
.# #..)##.....#.........##...#
## ##......##................#
.## ##.......###........######
...#
#.####...............#######
.... #.#
##..#...##+++##........


You could see Ijyb.

Vanquished Creatures
  A centaur skeleton (D:2)
  Jessica (D:3)
  A dart slug (D:1)
  2 leopard geckos (D:1)
  4 orcs (D:3)
  7 bats
  5 giant cockroaches
  5 goblins
  A hobgoblin (D:2)
  2 quokkas (D:2)
  2 ball pythons
  3 frilled lizards
  3 kobolds
  4 rats
41 creatures vanquished.

Vanquished Creatures (others)
  4 fungi (D:3)
4 creatures vanquished.

Grand Total: 45 creatures vanquished

Notes
Turn   | Place    | Note
-------+----------+-------------------------------------------
     0 | D:1      | bonscott the Gnoll Warper began the quest for the Orb.
     0 | D:1      | Reached XP level 1. HP: 20/20 MP: 6/6
   193 | D:1      | Reached XP level 2. HP: 23/26 MP: 7/7
   537 | D:1      | Learned a level 2 spell: Blink
   540 | D:1      | Learned a level 2 spell: Shroud of Golubria
   770 | D:2      | Found a white marble altar of Elyvilon.
   901 | D:2      | Reached XP level 3. HP: 31/31 MP: 9/9
   923 | D:2      | Reached skill level 5 in Spellcasting
  1238 | D:2      | Reached skill level 1 in Short Blades
  1238 | D:2      | Reached skill level 1 in Axes
  1238 | D:2      | Reached skill level 1 in Maces & Flails
  1238 | D:2      | Reached skill level 1 in Polearms
  1238 | D:2      | Reached skill level 1 in Staves
  1238 | D:2      | Reached skill level 1 in Slings
  1238 | D:2      | Reached skill level 1 in Bows
  1238 | D:2      | Reached skill level 1 in Crossbows
  1238 | D:2      | Reached skill level 1 in Stealth
  1238 | D:2      | Reached skill level 1 in Shields
  1238 | D:2      | Reached skill level 1 in Unarmed Combat
  1238 | D:2      | Reached skill level 1 in Invocations
  1238 | D:2      | Reached skill level 1 in Evocations
  1238 | D:2      | Reached XP level 4. HP: 30/38 MP: 11/11
  1644 | D:3      | Identified the +4 dagger "Luad" {elec, +Inv rN+}
  1644 | D:3      | Noticed a big kobold
  1645 | D:3      | Found a runed translucent gate.
  1645 | D:3      | Noticed Jessica
  1646 | D:3      | Found a runed translucent gate.
  1650 | D:3      | Killed Jessica
  1658 | D:3      | Found a runed translucent gate.
  1659 | D:3      | Noticed Minkie's ghost (amateur MiFi)
  1680 | D:3      | Reached skill level 1 in Conjurations
  1680 | D:3      | Reached skill level 1 in Hexes
  1680 | D:3      | Reached skill level 1 in Charms
  1680 | D:3      | Reached skill level 1 in Summonings
  1680 | D:3      | Reached skill level 1 in Necromancy
  1680 | D:3      | Reached skill level 1 in Transmutations
  1680 | D:3      | Reached skill level 1 in Fire Magic
  1680 | D:3      | Reached skill level 1 in Ice Magic
  1680 | D:3      | Reached skill level 1 in Air Magic
  1680 | D:3      | Reached skill level 1 in Earth Magic
  1680 | D:3      | Reached skill level 1 in Poison Magic
  1748 | D:3      | Noticed Ijyb
  1784 | D:3      | Killed from afar by Ijyb

Levels and vault maps discovered:
D:1:      minmay_arrival_jagged, layout_basic, due_unseen_surprise
D:2:      layout_basic, lemuel_round_altar, first_ration
D:3:      minmay_roachtagon, layout_rooms, fiery_altar_vehumet,
          minmay_overflow_temple_star_hex, gammafunk_ghost_nasty_kobolds,
          grunt_ministairs_8, chequers_hall_statues_y, uniq_ijyb, uniq_jessica

Skill      XL: |  1  2  3  4 |
---------------+-------------+-----
Spellcasting   | 5 |  5.1
Short Blades   | 1 |  1.2
Axes           | 1 |  1.2
Maces & Flails | 1 |  1.2
Polearms       | 1 |  1.2
Staves         | 1 |  1.2
Slings         | 1 |  1.2
Bows           | 1 |  1.2
Crossbows      | 1 |  1.2
Stealth        | 1 |  1.2
Shields        | 1 |  1.2
Unarmed Combat | 1 |  1.2
Invocations    | 1 |  1.3
Evocations     | 1 |  1.2
Conjurations   | 1 |  1.0
Hexes          | 1 |  1.0
Charms         | 1 |  1.0
Summonings     | 1 |  1.0
Necromancy     | 1 |  1.0
Transmutations | 1 |  1.0
Fire Magic     | 1 |  1.0
Ice Magic      | 1 |  1.0
Air Magic      | 1 |  1.0
Earth Magic    | 1 |  1.0
Poison Magic   | 1 |  1.0
Fighting       | |  4.7
Long Blades    | |  4.7
Throwing       | |  2.8
Armour         | |  2.8
Dodging        | |  4.7
Translocations | |  5.5

Action                   |  1- 3 |  4- 6 || total
-------------------------+-------+-------++-------
Melee: Falchion          |    83 |    16 ||    99
       Bite              |    12 |     2 ||    14
Throw: Stone             |       |     8 ||     8
       Boomerang         |       |     1 ||     1
 Cast: Shroud of Golubri |     5 |     2 ||     7
  Use: Scroll            |     4 |     1 ||     5
  Eat: Chunk             |     1 |     2 ||     3
Armor: Leather armour    |    20 |       ||    20
Dodge: Dodged            |    74 |    18 ||    92
       Rpst.: Falchion   |    27 |     7 ||    34
